[Event "Late-Titled-Tuesday-Blitz-September-19-2023"]
[Site "Chess.com"]
[Date "2023.09.19"]
[Round "1"]
[White "kleopl"]
[Black "Iball95"]
[Result "0-1"]
[WhiteElo "2449"]
[BlackElo "2768"]
[TimeControl "180+1"]
[EndTime "14:06:04 PDT"]
[Termination "Iball95 won by resignation"]

1. e4 c5 2. Nf3 e6 3. b3 Nc6 4. Bb2 a6 5. d4 cxd4 6. Nxd4 Qf6 7. Be2 Bc5 8. c3 Nge7 9. O-O O-O 10. Na3 b5 11.
Nac2 Bb7 12. Re1 Qg6 13. c4 b4 14. Bf1 Rad8 15. Qe2 f5 16. Rad1 fxe4 17. Nxc6 Bxc6 18. Bd4 Bd6 19. c5 Bb8 20. Nxb4 Bb7 21. Nxa6 Bf4 22. Be3 Be5 23. Bd4 Bf4 24. Be3 Nd5 25. Bxf4 Nxf4 26. Qe3 Bxa6 27. Qxe4 Nh3+ 0-1

[Event "Late-Titled-Tuesday-Blitz-September-19-2023"]
[Site "Chess.com"]
[Date "2023.09.19"]
[Round "1"]
[White "rionelG"]
[Black "Alphafischer2019"]
[Result "0-1"]
[WhiteElo "2325"]
[BlackElo "2607"]
[TimeControl "180+1"]
[EndTime "14:06:04 PDT"]
[Termination "Alphafischer2019 won by resignation"]

1. e4 c5 2. g3 Nc6 3. Bg2 g6 4. Ne2 Bg7 5. c3 e5 6. d3 Nge7 7. Be3 d6 8. f4 O-O 9. O-O f5 10. fxe5 Nxe5 11. Nd2 N7c6 12. Nf3 Ng4 13. Bf4 fxe4 14.
dxe4 Nge5 15. Ng5 h6 16. Qd5+ Kh8 17. Ne6 Bxe6 18. Qxe6 Rf6 19. Qh3 Kh7 20. g4 Rf7 21.
g5 h5 22. Ng3 Kg8 23. Rad1 Qe7 24. Rf2 Raf8 25. Be3 Rxf2 26. Bxf2 Ng4 27. Rf1 Qxg5 28. e5 Ncxe5 29. Bd5+ Kh7 30. Ne4 Nf3+ 31. Qxf3 Qxd5 32.
Qg2 Kh8 33. h3 Ne5 34. Bh4 Rxf1+ 35. Kxf1 Qd1+ 36. Kf2 Qc2+ 37. Kg1 Qc1+ 38. Kh2 Qf4+ 39.
Bg3 Nf3+ 40. Kh1 Qc1+ 0-1

[Event "Late-Titled-Tuesday-Blitz-September-19-2023"]
[Site "Chess.com"]
[Date "2023.09.19"]
[Round "1"]
[White "Chessdreamer2020"]
[Black "Nikachu"]
[Result "0-1"]
[WhiteElo "2512"]
[BlackElo "2185"]
[TimeControl "180+1"]
[EndTime "14:06:05 PDT"]
[Termination "Nikachu won by resignation"]

1. e4 c5 2. Nf3 d6 3. d4 cxd4 4. Qxd4 Nc6 5. Bb5 Bd7 6. Qe3 Nf6 7. h3 e6 8. O-O a6 9. Ba4 b5 10. Bb3 Be7 11. Rd1 Qc7 12. a4 b4 13. Nbd2 O-O 14. Nc4 Na5 15. Nxa5 Qxa5 16. Nd2 Qc7 17. Nc4 Bc6 18. e5 Nd5 19. Qg3 dxe5 20. Nxe5 Bb7 21.
Nd3 Qxg3 22. fxg3 Rfd8 23. Bd2 Rac8 24. Rac1 a5 25. Nf4 Bf6 26. Nxd5 Bxd5 27. Bxd5 Rxd5 28. Be3 Bxb2 29. Rxd5 exd5 30. Rd1 d4 31. Bf2 Rxc2 32. Bxd4 Rc1 33. Rxc1 Bxc1 34. Kf1 b3 35. Ke2 b2 36. Bxb2 Bxb2 37. Kd3 Ba3 38. Kc4 Bb4 0-1

[Event "Late-Titled-Tuesday-Blitz-September-19-2023"]
[Site "Chess.com"]
[Date "2023.09.19"]
[Round "1"]
[White "The_Straightforward_Rook"]
[Black "talaicito"]
[Result "1-0"]
[WhiteElo "2522"]
[BlackElo "2154"]
[TimeControl "180+1"]
[EndTime "14:06:05 PDT"]
[Termination "The_Straightforward_Rook won on time"]

1. d4 e6 2. c4 f5 3. Nc3 Nf6 4.
e3 Bb4 5. Bd2 O-O 6. Bd3 d6 7.
Nh3 e5 8. a3 Bxc3 9. Bxc3 Qe8 10. O-O h6 11. Kh1 Kh8 12. f3 Nc6 13. Qc2 f4 14. d5 Nb8 15. Bg6 Qe7 16. exf4 Bxh3 17. gxh3 exf4 18. Rae1 Qd7 19. Re6 Na6 20. b4 c6 21.
Rfe1 cxd5 22. Re7 Qxh3 23. Qg2 Qxg2+ 24. Kxg2 dxc4 25. Rxb7 d5 26. Ree7 Rg8 27. Bxf6 Rab8 28. Rxg7 Rxg7 29. Rxg7 1-0

[Event "Late-Titled-Tuesday-Blitz-September-19-2023"]
[Site "Chess.com"]
[Date "2023.09.19"]
[Round "1"]
[White "Baku_Boulevard"]
[Black "DvaHrasta"]
[Result "1-0"]
[WhiteElo "3049"]
[BlackElo "2501"]
[TimeControl "180+1"]
[EndTime "14:06:11 PDT"]
[Termination "Baku_Boulevard won on time"]

1. e4 c6 2. Ne2 d5 3. e5 c5 4. c3 Nc6 5. d4 Bf5 6. dxc5 e6 7. b4 Nxe5 8. Nd4 Bg6 9. Bb5+ Nd7 10. Bf4 Nf6 11. O-O a6 12. Ba4 Be7 13. Nd2 O-O 14.
Re1 Rc8 15. Rc1 h6 16. h3 Nb8 17. N2f3 Ne4 18. Ne5 Bh7 19. Bc2 Nc6 20. Nexc6 bxc6 21. Bd3 a5 22. a3 Bf6 23. Bh2 axb4 24. axb4 Bg6 25. Bb1 e5 26. Nf3 Re8 27. c4 Rb8 28. b5 Nxc5 29. Bxg6 fxg6 30. bxc6 dxc4 31. Rxc4 Nd3 32.
c7 1-0

[Event "Late-Titled-Tuesday-Blitz-September-19-2023"]
[Site "Chess.com"]
[Date "2023.09.19"]
[Round "1"]
[White "Emp3rador"]
[Black "MikaelyanArman"]
[Result "0-1"]
[WhiteElo "2479"]
[BlackElo "2880"]
[TimeControl "180+1"]
[EndTime "14:06:11 PDT"]
[Termination "MikaelyanArman won on time"]

1. e4 e5 2. Nf3 Nc6 3. d4 exd4 4. Nxd4 Bc5 5. Nb3 Bb4+ 6. c3 Be7 7. Bf4 d6 8. N1d2 Nf6 9. Be2 O-O 10. O-O Re8 11. Bg3 Bf8 12. f3 Nh5 13. Bf2 Nf4 14.
Re1 Qg5 15. Bg3 h5 16. Bf1 g6 17. Nc4 h4 18. Bxf4 Qxf4 19. Qd2 Bh6 20. Qxf4 Bxf4 21. Rad1 Ne5 22. Ne3 Be6 23. Nd5 Bxd5 24. Rxd5 h3 25. Red1 hxg2 26. Kxg2 Kg7 27. Nd4 Rh8 28. h3 Rh5 29.
Ne2 g5 30. Nd4 Rah8 31. Nf5+ Kf6 32. Kf2 Kg6 33. Bg2 Rxh3 34. Bxh3 Rxh3 35. Kg1 Nxf3+ 36. Kg2 g4 37. Nd4 Rh2+ 0-1

[Event "Late-Titled-Tuesday-Blitz-September-19-2023"]
[Site "Chess.com"]
[Date "2023.09.19"]
[Round "1"]
[White "Alina_Gumerovna"]
[Black "Sjakkerntobi"]
[Result "0-1"]
[WhiteElo "2134"]
[BlackElo "2521"]
[TimeControl "180+1"]
[EndTime "14:06:11 PDT"]
[Termination "Sjakkerntobi won on time"]

1. e4 e6 2. d4 d5 3. exd5 exd5 4. Bd3 Nf6 5. Qf3 c5 6. Qe3+ Be6 7. dxc5 Nbd7 8. b4 b6 9. c6 Nb8 10. b5 Bc5 11. Qg5 O-O 12. Bb2 Bxf2+ 13. Kf1 d4 14. Nf3 Be3 15. Qh4 a6 16. a4 axb5 17. axb5 Rxa1 18.
Bxa1 Qd5 19. Nxd4 Qa2 20. Nxe6 fxe6 21. Bxf6 Rxf6+ 22. Ke2 Bh6 23. Qe4 g6 24. c7 Rf8 25.
cxb8=Q Rxb8 26. Qxe6+ Qxe6+ 27. Kd1 Qg4+ 0-1

[Event "Late-Titled-Tuesday-Blitz-September-19-2023"]
[Site "Chess.com"]
[Date "2023.09.19"]
[Round "1"]
[White "AlexandraBotez"]
[Black "GoldenShare"]
[Result "0-1"]
[WhiteElo "2303"]
[BlackElo "2591"]
[TimeControl "180+1"]
[EndTime "14:06:15 PDT"]
[Termination "GoldenShare won by resignation"]

1. d4 d5 2. c4 dxc4 3. e3 Nf6 4. Bxc4 e6 5. Nf3 a6 6. O-O b5 7. Bb3 Bb7 8. Nc3 Nbd7 9. Qe2 c5 10. Rd1 Qc7 11. e4 cxd4 12. Nxd4 Bc5 13. Bg5 Qb6 14. Nf3 Ng4 15. Rf1 O-O 16. Rad1 Nde5 17. Nxe5 Nxe5 18. Bf4 Nc6 19. Bd6 Nd4 20. Rxd4 Bxd4 21. Bxf8 Rxf8 22. Kh1 h6 23. f3 Rc8 24. Qd3 Bf6 25. h3 Rd8 26. Qc2 a5 27. a3 b4 28. Na4 Qe3 29. axb4 axb4 30. Qc7 Ba6 31. Bc4 Rc8 32. Qd7 Rxc4 33.
Qe8+ Kh7 34. Qxf7 Rc1 35. Rxc1 Qxc1+ 36. Kh2 Be5+ 0-1

[Event "Late-Titled-Tuesday-Blitz-September-19-2023"]
[Site "Chess.com"]
[Date "2023.09.19"]
[Round "1"]
[White "moro182"]
[Black "andrzej"]
[Result "1-0"]
[WhiteElo "2800"]
[BlackElo "2456"]
[TimeControl "180+1"]
[EndTime "14:06:16 PDT"]
[Termination "moro182 won by resignation"]

1. d4 d5 2. Bf4 Nf6 3. e3 c5 4. dxc5 e6 5. b4 a5 6. c3 axb4 7.
cxb4 b6 8. Bxb8 Rxb8 9. Bb5+ Ke7 10. c6 Ne4 11. Nf3 Nd6 12. a4 f6 13. Nc3 Kf7 14.
O-O Be7 15. Rc1 Qc7 16. Qc2 h5 17. e4 dxe4 18. Nxe4 Nf5 19. Rfd1 Bxb4 20. h3 Be7 21.
Rd2 Rd8 22. Rxd8 Bxd8 23. Qd1 Be7 24. Nd4 Nxd4 25. Qxd4 e5 26. Qd1 Be6 27. Qxh5+ Kg8 28. Qe2 Rd8 29. Ng3 Rd4 30. Qh5 Bf7 31. Qf3 Bc5 32.
Qe2 Qd8 33. a5 Rd2 34. c7 Bxf2+ 35. Qxf2 Rd1+ 36. Kh2 1-0

[Event "Late-Titled-Tuesday-Blitz-September-19-2023"]
[Site "Chess.com"]
[Date "2023.09.19"]
[Round "1"]
[White "colegiodemadrid"]
[Black "rezamahdavi2008"]
[Result "1-0"]
[WhiteElo "2494"]
[BlackElo "2855"]
[TimeControl "180+1"]
[EndTime "14:06:17 PDT"]
[Termination "colegiodemadrid won by resignation"]

1. e4 g6 2. d4 Bg7 3. Nc3 d6 4.
Be3 a6 5. h4 h6 6. a4 e6 7. Qd2 b6 8. f4 Nf6 9. Be2 Bb7 10. Bf3 d5 11. e5 Ng8 12. h5 gxh5 13. f5 exf5 14. Nce2 Nd7 15. Ng3 Ne7 16. Nxh5 Bf8 17.
Ne2 Ng6 18. Nef4 Nxf4 19. Nxf4 Qe7 20. Nxd5 Bxd5 21. Bxd5 O-O-O 22. Qe2 Nb8 23. Bc4 Kb7 24. c3 Ka7 25. a5 b5 26. Bd3 c5 27. Bxf5 Qc7 28.
O-O Rg8 29. b4 cxd4 30. cxd4 Bxb4 31. Rfc1 Qe7 32. d5+ Ka8 33. d6 Qxe5 34. Qf3+ 1-0

[Event "Late-Titled-Tuesday-Blitz-September-19-2023"]
[Site "Chess.com"]
[Date "2023.09.19"]
[Round "1"]
[White "RCone"]
[Black "Byniolus"]
[Result "0-1"]
[WhiteElo "2450"]
[BlackElo "2780"]
[TimeControl "180+1"]
[EndTime "14:06:17 PDT"]
[Termination "Byniolus won by resignation"]

1. e4 d6 2. d4 Nf6 3. Nc3 c6 4. f3 Qb6 5. Nge2 e5 6. Be3 Qxb2 7. Rb1 Qa3 8. Rb3 Qa5 9. Qd2 b5 10. d5 b4 11. Nd1 cxd5 12. Rxb4 Nc6 13. c3 dxe4 14.
fxe4 Nxb4 15. cxb4 Qd8 16. Nec3 Be7 17. Nf2 O-O 18.
Bc4 Be6 19. Bd5 Bxd5 20. Nxd5 Nxd5 21. Qxd5 a6 22. O-O Qd7 23. Nd3 Qb5 24. Qb3 Rac8 25. a4 Qc4 26. Rb1 Qxe4 27. b5 Qxe3+ 0-1

[Event "Late-Titled-Tuesday-Blitz-September-19-2023"]
[Site "Chess.com"]
[Date "2023.09.19"]
[Round "1"]
[White "Jaka_Brilej"]
[Black "dretch"]
[Result "1/2-1/2"]
[WhiteElo "2483"]
[BlackElo "2841"]
[TimeControl "180+1"]
[EndTime "14:06:18 PDT"]
[Termination "Game drawn by repetition"]

1. e4 e6 2. d4 d5 3. e5 c5 4. c3 Nc6 5. Nf3 Bd7 6. Be2 f6 7. O-O Qc7 8. Re1 fxe5 9. Nxe5 Nxe5 10. dxe5 O-O-O 11. Bf1 Ne7 12. a4 Ng6 13. Na3 a6 14. b4 c4 15. Qd4 Bxa4 16. Be3 Bc6 17. f4 Nh4 18. Qa7 Qb8 19. Qb6 Qc7 20. Qa7 Re8 21.
Reb1 Nf5 22. Bf2 Qb8 23. Qb6 Be7 24. b5 Bd8 25. Qc5 Be7 26. Qb6 Bd8 27. Qc5 Be7 28. Qb6 1/2-1/2

[Event "Late-Titled-Tuesday-Blitz-September-19-2023"]
[Site "Chess.com"]
[Date "2023.09.19"]
[Round "1"]
[White "martinez_95"]
[Black "Kleyton_Lima"]
[Result "0-1"]
[WhiteElo "2188"]
[BlackElo "2535"]
[TimeControl "180+1"]
[EndTime "14:06:18 PDT"]
[Termination "Kleyton_Lima won by resignation"]

1. d4 Nf6 2. Bf4 g6 3. e3 Bg7 4.
Be2 d6 5. h4 h5 6. Nd2 O-O 7. Nh3 c5 8. c3 cxd4 9. exd4 Nc6 10.
Ng5 e5 11. Be3 exd4 12. cxd4 Ng4 13. Bxg4 Bxg4 14. f3 Bf5 15. g4 Re8 16. gxf5 Rxe3+ 17. Kf1 Nxd4 18. fxg6 fxg6 19. Nc4 Re8 20. Qd3 Qf6 21.
Rd1 d5 22. Ne3 Rad8 23. Kf2 Rf8 24. Rh3 Ne6 25. Nxd5 Qd4+ 26. Qxd4 Bxd4+ 27. Kg2 Nxg5 28. hxg5 Rxd5 0-1

[Event "Late-Titled-Tuesday-Blitz-September-19-2023"]
[Site "Chess.com"]
[Date "2023.09.19"]
[Round "1"]
[White "gunslinger222"]
[Black "johnathan113"]
[Result "0-1"]
[WhiteElo "2414"]
[BlackElo "2703"]
[TimeControl "180+1"]
[EndTime "14:06:20 PDT"]
[Termination "johnathan113 won by resignation"]

1. d4 Nf6 2. c4 g6 3. Nc3 Bg7 4.
e4 O-O 5. Be2 d6 6. Be3 Na6 7.
Nf3 c6 8. O-O e5 9. dxe5 dxe5 10. Qxd8 Rxd8 11. h3 Nh5 12. Rfd1 Re8 13. a3 Nf4 14.
Bf1 Ne6 15. b4 f5 16. c5 f4 17. Bd2 Nd4 18. Bc4+ Be6 19. Bxe6+ Rxe6 20. Kf1 Rd8 21. Rab1 Re7 22. Na4 Red7 23. Nxd4 Rxd4 24. Ke2 Rxe4+ 25.
Kf1 Red4 26. Ke2 g5 27. f3 e4 28. Bc3 Rxd1 29. Rxd1 exf3+ 30. gxf3 Rxd1 31. Kxd1 Nc7 32. Bxg7 Kxg7 33. Nc3 Ne6 34. Ne4 Kg6 35. Nd6 b6 36. b5 cxb5 37. c6 Nc7 38. Nc8 Kf6 39. Nxa7 Ke5 40.
Nc8 Kd5 41. Ne7+ Kd6 42. Ng8 Nd5 43. c7 Kxc7 0-1

[Event "Late-Titled-Tuesday-Blitz-September-19-2023"]
[Site "Chess.com"]
[Date "2023.09.19"]
[Round "1"]
[White "Reality-Stone"]
[Black "AEMEffi"]
[Result "1-0"]
[WhiteElo "2618"]
[BlackElo "2331"]
[TimeControl "180+1"]
[EndTime "14:06:23 PDT"]
[Termination "Reality-Stone won by resignation"]

1. c3 d5 2. d4 Nf6 3. Bf4 c5 4. e3 Nc6 5. Nd2 e6 6. Ngf3 Bd6 7. Bg3 Bxg3 8. hxg3 Qb6 9. Qb3 Qxb3 10. axb3 cxd4 11. exd4 Bd7 12. b4 O-O 13. Bd3 a6 14. Ne5 g6 15.
Ndf3 Kg7 16. Ke2 Nxe5 17. Nxe5 Bb5 18. Bxb5 axb5 19. Ra5 Rxa5 20. bxa5 Ra8 21. Ra1 Kf8 22. g4 Ke7 23. f3 Nd7 24. Nxd7 Kxd7 25. b4 h5 26. gxh5 gxh5 27. Rh1 Rc8 28. Kd3 Rg8 29. Rxh5 Rxg2 30. Rh7 Ke7 31. Rh8 Rf2 32. Rb8 Rxf3+ 33.
Kc2 Rf2+ 34. Kd3 Rf3+ 35. Kd2 Rf2+ 36. Ke3 Ra2 37. Rxb7+ Kf6 38. Rxb5 Kf5 39. c4 Ra3+ 40. Kd2 Ke4 41. c5 f5 42. c6 f4 43. c7 f3 44.
c8=Q 1-0

[Event "Late-Titled-Tuesday-Blitz-September-19-2023"]
[Site "Chess.com"]
[Date "2023.09.19"]
[Round "1"]
[White "Chessbard1972"]
[Black "lamomiajunior"]
[Result "0-1"]
[WhiteElo "2371"]
[BlackElo "2649"]
[TimeControl "180+1"]
[EndTime "14:06:25 PDT"]
[Termination "lamomiajunior won by resignation"]

1. d4 Nf6 2. c4 e6 3. Nf3 d5 4. Nc3 c6 5. Bg5 Be7 6. cxd5 exd5 7. Qc2 g6 8. Bh6 Ng4 9. Bg7 Rg8 10. Be5 Nxe5 11. Nxe5 Nd7 12. e3 Nxe5 13. dxe5 f6 14. exf6 Bxf6 15. O-O-O Qa5 16. e4 Bxc3 17. bxc3 Be6 18.
exd5 Bxd5 19. Re1+ Kf7 20. Bd3 Rge8 21. h4 Qxa2 22.
h5 Qxc2+ 23. Kxc2 Kg7 24. h6+ Kf7 25. Rb1 b5 26. Rh4 Rad8 27. c4 Bxg2 28. cxb5 cxb5 29. Rxb5 Rxd3 30. Rf4+ Kg8 31. Ra5 Rd7 32. f3 Bf1 33.
Rfa4 Rc8+ 34. Kb2 a6 35. f4 Bb5 36. Ra3 Rd2+ 37. Kb1 Re8 38. Rc3 Re1+ 39. Rc1 Bd3+ 0-1

[Event "Late-Titled-Tuesday-Blitz-September-19-2023"]
[Site "Chess.com"]
[Date "2023.09.19"]
[Round "1"]
[White "Der_Honigdachs"]
[Black "Hoshka"]
[Result "1-0"]
[WhiteElo "2512"]
[BlackElo "2055"]
[TimeControl "180+1"]
[EndTime "14:06:26 PDT"]
[Termination "Der_Honigdachs won by resignation"]

1. d4 d5 2. Bf4 c5 3. e3 Nc6 4.
Nf3 Nf6 5. c4 cxd4 6. Nxd4 Qb6 7. Nb3 e5 8. Bg5 Bb4+ 9. N1d2 d4 10. Bxf6 dxe3 11. Bxg7 Bxd2+ 12. Nxd2 exf2+ 13. Ke2 Nd4+ 14. Kxf2 Rg8 15. c5 Qxc5 16. Ne4 Qb6 17. Nf6+ Kd8 18.
Nxg8 Qxb2+ 19. Kg1 Bg4 20. Qxg4 Qxa1 21. Bxe5 1-0

[Event "Late-Titled-Tuesday-Blitz-September-19-2023"]
[Site "Chess.com"]
[Date "2023.09.19"]
[Round "1"]
[White "oskariot"]
[Black "Balla_Tamas"]
[Result "1-0"]
[WhiteElo "2723"]
[BlackElo "2430"]
[TimeControl "180+1"]
[EndTime "14:06:28 PDT"]
[Termination "oskariot won by checkmate"]

1. e4 c5 2. Nf3 Nc6 3. b4 cxb4 4.
d4 d5 5. exd5 Qxd5 6. c4 bxc3 7.
Nxc3 Qa5 8. Rb1 e6 9. Bd2 Qd8 10. Bd3 Nf6 11. O-O Be7 12. Qe2 O-O 13. Ne4 Bd7 14.
Rxb7 Rc8 15. Nc5 Nxd4 16. Nxd4 Bxc5 17. Nb3 Bb6 18. Bb5 Bxb5 19. Qxb5 Ne4 20. Rd7 Qf6 21.
Be3 Bxe3 22. fxe3 Qg6 23. Nd4 Ng5 24. Rxa7 h6 25. Kh1 Qe4 26. Qe2 Rfd8 27. Qf2 Rc3 28. h4 Rxe3 29. hxg5 Qxd4 30. Qxf7+ Kh8 31. g6 Qh4+ 32.
Kg1 Qb4 33. Qxg7# 1-0

[Event "Late-Titled-Tuesday-Blitz-September-19-2023"]
[Site "Chess.com"]
[Date "2023.09.19"]
[Round "1"]
[White "Defenstrator"]
[Black "djano"]
[Result "0-1"]
[WhiteElo "2335"]
[BlackElo "2618"]
[TimeControl "180+1"]
[EndTime "14:06:28 PDT"]
[Termination "djano won on time"]

1. d4 Nf6 2. Bd2 g6 3. Qc1 Ne4 4. Bh6 d5 5. Bxf8 Kxf8 6. f3 Nd6 7. Nc3 Nf5 8. Qd2 h5 9. O-O-O Nc6 10. e3 Kg7 11. Bb5 Na5 12. e4 dxe4 13. fxe4 Nd6 14. Be2 Nac4 15. Qf4 b5 16. e5 Nf5 17. Nxb5 Nce3 18.
Rd3 Ba6 19. Rxe3 Nxe3 20. Qxe3 Qd5 21. Nc3 Qxg2 22. Qf3 Bb7 23. d5 Qg5+ 24. Kb1 Qxe5 25. Nh3 e6 26. Rd1 Rad8 27. Bc4 exd5 28. Bxd5 Bc8 29.
Qxf7+ Kh6 30. Nf4 Rd6 31. Rg1 Bf5 32. Nd3 Qd4 33. Ne2 Qxd5 34. Qxd5 Rxd5 35. Nef4 Rd4 36. Ne2 Rh4 37. Ne5 Re8 0-1

[Event "Late-Titled-Tuesday-Blitz-September-19-2023"]
[Site "Chess.com"]
[Date "2023.09.19"]
[Round "1"]
[White "zverr1"]
[Black "FabianoCaruana"]
[Result "0-1"]
[WhiteElo "2503"]
[BlackElo "3055"]
[TimeControl "180+1"]
[EndTime "14:06:30 PDT"]
[Termination "FabianoCaruana won by resignation"]

1. d4 b5 2. e4 Bb7 3. Bd3 e6 4. Nf3 a6 5. O-O Nf6 6. e5 Nd5 7. a3 d6 8. Nbd2 Nd7 9. c4 bxc4 10. Nxc4 Be7 11. Na5 Qb8 12. Nxb7 Qxb7 13. Qa4 h6 14.
Bd2 Nb6 15. Qc2 O-O 16. Rac1 Nd5 17. Be4 Rfc8 18. h3 a5 19. Rb1 c5 20. exd6 Bxd6 21.
Qd3 N7f6 22. dxc5 Bxc5 23. Bxd5 Nxd5 24. b4 axb4 25. axb4 Nxb4 26. Bxb4 Bxb4 27. Qb3 Rab8 28. Rfc1 Rxc1+ 29. Rxc1 Qe7 30. Rb1 Bd6 31. Qc2 g6 32.
Rxb8+ Bxb8 33. Qc8+ Qf8 34. Qxf8+ Kxf8 35. g3 Ke7 36. h4 e5 37. Kg2 Ke6 38. Nd2 f5 39. f3 Kd5 40. g4 Ba7 41. h5 gxh5 42.
gxf5 Be3 43. Ne4 Bg5 44. Kh3 Kc6 45. f6 Kd7 46. Nc5+ Ke8 47. Nd3 Bxf6 48. Nxe5 Bxe5 49. f4 Bf6 50. f5 Ke7 51. Kh2 Kd6 52. Kh3 Ke5 53. Kh2 Ke4 54. Kh3 Ke3 55. Kh2 Kf2 56. Kh3 Kg1 57. Kg3 h4+ 58. Kg4 Kg2 59. Kh5 h3 60. Kg6 Bd4 0-1

[Event "Late-Titled-Tuesday-Blitz-September-19-2023"]
[Site "Chess.com"]
[Date "2023.09.19"]
[Round "1"]
[White "Gogolev_Artemy"]
[Black "louis198"]
[Result "0-1"]
[WhiteElo "2402"]
[BlackElo "2683"]
[TimeControl "180+1"]
[EndTime "14:06:30 PDT"]
[Termination "louis198 won by resignation"]

1. d4 Nf6 2. Bf4 d6 3. e3 Nbd7 4. h3 c6 5. Nf3 Qa5+ 6. c3 e5 7. Bh2 e4 8. Nfd2 d5 9. c4 Be7 10. Nc3 O-O 11. a3 Qd8 12. cxd5 cxd5 13. Be2 Re8 14.
O-O Nf8 15. Rc1 a6 16. b4 Ng6 17. Qb3 Be6 18. Na4 Rc8 19. Nc5 Bxc5 20. bxc5 Re7 21. Rc2 Qd7 22. Kh1 Nh4 23. Bg3 Nf5 24. Be5 Ne8 25.
Rfc1 f6 26. Bh2 Nh4 27. a4 Rc6 28. a5 g5 29. Rd1 Ng7 30. Nxe4 dxe4 31. d5 Bf7 32.
dxc6 Qxd1+ 33. Bxd1 Bxb3 34. cxb7 Rxb7 35. Rb2 Bd5 36.
Rd2 Bf7 37. c6 Rb1 38. c7 Be6 39. Bd6 Ne8 40. Kh2 Rc1 41. Bc2 Nxd6 42. Rxd6 Rxc2 43.
Rxe6 Rxc7 44. Rxa6 Kg7 45. Rc6 Rxc6 0-1

[Event "Late-Titled-Tuesday-Blitz-September-19-2023"]
[Site "Chess.com"]
[Date "2023.09.19"]
[Round "1"]
[White "AlexOstrovskiy"]
[Black "AsaHoffmann"]
[Result "1-0"]
[WhiteElo "2648"]
[BlackElo "2369"]
[TimeControl "180+1"]
[EndTime "14:06:30 PDT"]
[Termination "AlexOstrovskiy won by resignation"]

1. e4 d6 2. d4 c6 3. Nc3 a6 4. f4 d5 5. e5 h5 6. Nf3 Bg4 7. h3 Bxf3 8. Qxf3 e6 9. g3 g6 10. Be3 Qa5 11. O-O-O c5 12. dxc5 Bxc5 13. Kb1 Bxe3 14.
Qxe3 Nc6 15. Ne2 Nge7 16. Nd4 Nxd4 17. Qxd4 Nf5 18. Qf2 Rc8 19. Bd3 Qc5 20. Qf3 Qe3 21.
Rhf1 Qxf3 22. Rxf3 Ke7 23. c3 Rc5 24. a3 b5 25. Rc1 Rb8 26. g4 hxg4 27. hxg4 Ng7 28. Rh3 a5 29. b4 axb4 30. axb4 Rcc8 31. Rh7 Rg8 32. Kb2 Ne8 33. Ra1 Nc7 34. Ra7 1-0

[Event "Late-Titled-Tuesday-Blitz-September-19-2023"]
[Site "Chess.com"]
[Date "2023.09.19"]
[Round "1"]
[White "Airquake"]
[Black "emeli_chess"]
[Result "0-1"]
[WhiteElo "2607"]
[BlackElo "2364"]
[TimeControl "180+1"]
[EndTime "14:06:31 PDT"]
[Termination "emeli_chess won by checkmate"]

1. g3 f5 2. Bg2 Nf6 3. Nf3 d6 4. O-O e5 5. c4 Be7 6. Nc3 O-O 7.
d3 a5 8. e4 c6 9. Re1 Qe8 10.
d4 fxe4 11. Nxe4 Nxe4 12. Rxe4 Bf5 13. Re1 e4 14. Ng5 Bxg5 15. Bxg5 d5 16. cxd5 cxd5 17. Qb3 Qf7 18. Rac1 Nc6 19. Be3 Rad8 20. Rc5 Rd7 21. Rec1 h5 22. h4 Bg4 23. Bf1 Bf3 24. Bh3 Bg4 25.
Bf1 Bf3 26. Rb5 Kh8 27. Rcc5 Rfd8 28. Qc3 Qf5 29. a3 Qg4 30. Bg5 Ne7 31. Qxa5 Nf5 32.
Kh2 Be2 33. Bxd8 Bxf1 34. Kh1 Qf3+ 35. Kg1 Qg2# 0-1

[Event "Late-Titled-Tuesday-Blitz-September-19-2023"]
[Site "Chess.com"]
[Date "2023.09.19"]
[Round "1"]
[White "nihalsarin"]
[Black "slorovel"]
[Result "1-0"]
[WhiteElo "3104"]
[BlackElo "2506"]
[TimeControl "180+1"]
[EndTime "14:06:32 PDT"]
[Termination "nihalsarin won by resignation"]

1. e4 c6 2. d4 d5 3. f3 e6 4.
Nc3 Bb4 5. Bf4 Nf6 6. Qd3 Qa5 7. Ne2 b6 8. a3 Ba6 9. Qe3 Bxe2 10.
Bxe2 Bxc3+ 11. bxc3 dxe4 12. fxe4 Nbd7 13. O-O O-O 14.
Bd6 Rfe8 15. a4 c5 16. Bb5 a6 17. Bxd7 Nxd7 18. Rf3 Rac8 19. Raf1 f6 20. e5 cxd4 21. cxd4 Rxc2 22. exf6 Nxf6 23. Be5 Qd2 24. Qxd2 Rxd2 25.
Rg3 Nh5 26. Rg5 g6 27. g4 Ng7 28. h4 Rc8 29. h5 Rcc2 30. hxg6 h6 31. Bd6 Nf5 32.
gxf5 hxg5 33. f6 Rc8 34. Be5 1-0

[Event "Late-Titled-Tuesday-Blitz-September-19-2023"]
[Site "Chess.com"]
[Date "2023.09.19"]
[Round "1"]
[White "rdarruda"]
[Black "Firouzja2003"]
[Result "0-1"]
[WhiteElo "2503"]
[BlackElo "3070"]
[TimeControl "180+1"]
[EndTime "14:06:32 PDT"]
[Termination "Firouzja2003 won by resignation"]

1. d4 Nf6 2. Nf3 g6 3. Nc3 Bg7 4. e4 d6 5. Bg5 h6 6. Bh4 g5 7.
Bg3 Nh5 8. Qd2 e6 9. O-O-O Nc6 10.
d5 exd5 11. exd5 Ne7 12. Bc4 O-O 13. h4 g4 14. Ng1 Nxg3 15. fxg3 Ng6 16. Nge2 a5 17.
Nf4 Nxf4 18. gxf4 a4 19. a3 Bd7 20. Ne4 b5 21. Bd3 b4 22. axb4 a3 23. c3 Ba4 24. b3 Bxb3 25. Bc2 Re8 26. Rhe1 Bc4 27. f5 Rxe4 28. Rxe4 a2 29. Kb2 a1=Q+ 30. Rxa1 Rxa1 31.
Kxa1 Qa8+ 32. Kb1 Qa2+ 33. Kc1 Qa1+ 34. Bb1 Bxc3 35. Re8+ Kh7 36. f6+ Qxb1+ 37. Kxb1 Bxd2 38. Re4 Bd3+ 0-1

[Event "Late-Titled-Tuesday-Blitz-September-19-2023"]
[Site "Chess.com"]
[Date "2023.09.19"]
[Round "1"]
[White "Dacean99"]
[Black "ChessWarrior7197"]
[Result "0-1"]
[WhiteElo "2504"]
[BlackElo "3074"]
[TimeControl "180+1"]
[EndTime "14:06:34 PDT"]
[Termination "ChessWarrior7197 won by resignation"]

1. d4 d5 2. f3 c5 3. dxc5 e5 4.
e4 Nf6 5. exd5 Bxc5 6. Nc3 O-O 7. Bg5 Qb6 8. Na4 Qa5+ 9. c3 Bxg1 10. Rxg1 Bd7 11.
b3 Bxa4 12. bxa4 Qxc3+ 13. Bd2 Qd4 14. Rh1 Nxd5 15. Rc1 Nc6 16. Bc4 Ne3 17. Qe2 Nxc4 18. Rxc4 Qd6 19. Kf2 Rad8 20. Be3 Rfe8 21. Rb1 Rd7 22.
Rbc1 e4 23. Rxe4 Rxe4 24. fxe4 Qxh2 25. Qg4 Qd6 26. Rc5 Qe6 27. Qxe6 fxe6 28. a5 a6 29. Ke2 Kf7 30. g4 h6 31. g5 h5 32. g6+ Kxg6 33. Rg5+ Kf6 34. Rxh5 e5 35. Rh1 Nxa5 36. Rc1 Nc6 37. Rb1 Nd4+ 38. Kf2 b5 39. Kg3 Rc7 40. Kg4 Rc4 41. Rf1+ Ke6 42. Kg5 Nc2 43. Bd2 Rxe4 44. Rf8 Ra4 45. Re8+ Kd5 46. Bc3 Nd4 47. Kg6 Rxa2 48. Kxg7 Rc2 49. Bb4 Rc4 50. Ba5 b4 51. Rd8+ Ke4 52. Rd6 Nf5+ 0-1

[Event "Late-Titled-Tuesday-Blitz-September-19-2023"]
[Site "Chess.com"]
[Date "2023.09.19"]
[Round "1"]
[White "Misticpikachu"]
[Black "tarno17"]
[Result "1-0"]
[WhiteElo "2535"]
[BlackElo "2170"]
[TimeControl "180+1"]
[EndTime "14:06:34 PDT"]
[Termination "Misticpikachu won on time"]

1. c4 e5 2. Nc3 Nf6 3. Nf3 d6 4. g3 g6 5. Bg2 Bg7 6. O-O O-O 7. d4 exd4 8. Nxd4 Nbd7 9. b3 Ne5 10. Bb2 Rb8 11.
Qd2 Bd7 12. Rfd1 Qe7 13. Rac1 Rfe8 14. e3 a6 15. h3 h5 16. Nd5 Nxd5 17. cxd5 c5 18.
dxc6 bxc6 19. f4 c5 20. fxe5 cxd4 21. exd4 dxe5 22. dxe5 Bf5 23. Re1 Rbd8 24. Qf4 Kh7 25. Rc6 Bh6 26. Qc4 Rd2 27. Rc7 Bd7 28. e6 fxe6 29.
Qc3 Rxg2+ 30. Kxg2 Rd8 31. Rd1 Bc6+ 32. Qxc6 1-0